 Dungeon Crawl Stone Soup version 0.23-a0-171-g5ae17c6 (webtiles) character file.

8726 Ijustatesigmund the Slicer (level 11, -24/75 HPs)
             Began as an Octopode Assassin on Sept 13, 2018.
             Was an Initiate of the Shining One.
             Killed from afar by a thorn hunter (29 damage)
             ... with a volley of thorns
             ... on level 11 of the Dungeon.
             The game lasted 00:53:36 (15154 turns).

Ijustatesigmund the Slicer (Octopode Assassin)     Turns: 15154, Time: 00:53:37

Health: -24/75     AC:  2    Str: 10    XL:     11   Next: 35%
Magic:  15/15      EV: 13    Int: 15    God:    the Shining One [......]
Gold:   340        SH:  6    Dex: 16    Spells: 10/10 levels left

rFire    + . .     SeeInvis .   G - +2 short sword (freeze)
rCold    . . .     Gourm    +   C - +1 buckler
rNeg     . . .     Faith    .   z - +1 hat
rPois    +         Spirit   .   q - amulet of the gourmand
rElec    .         Reflect  .   i - ring of poison resistance
rCorr    .         Harm     .   v - ring of protection from fire
MR       .....                  (no ring)
Stlth    ++........             (no ring)
HPRegen  0.22/turn              (no ring)
MPRegen  0.14/turn              (no ring)
                                (no ring)
                                (no ring)

@: about to teleport, glowing
A: almost no armour, stealthy swim, amphibious, 8 rings, constrict 8, camouflage
1, gelatinous body 1
a: Renounce Religion


You were on level 11 of the Dungeon.
You worshipped the Shining One.
The Shining One was noncommittal.
You were full.

You visited 2 branches of the dungeon, and saw 12 of its levels.

You collected 661 gold pieces.
You spent 321 gold pieces at shops.

Inventory:

Hand Weapons
 a - a +2 dagger
 b - a +0 blowgun
 r - a +4 flail of protection
 x - a +0 rapier
 D - a +1 dagger of speed
 G - a +2 short sword of freezing (weapon)
Missiles
 c - 57 poisoned needles
Armour
 z - a +1 hat (worn)
 C - a +1 buckler (worn)
Jewellery
 i - a ring of poison resistance (left tentacle)
 q - an amulet of the gourmand (around mantle)
 v - a ring of protection from fire (right tentacle)
Wands
 u - a wand of flame (50)
 w - a wand of polymorph (23)
 E - a wand of digging (14)
Scrolls
 g - 2 scrolls of amnesia
 l - a scroll of identify
 p - 2 scrolls of fog
 t - 4 scrolls of remove curse
 A - 5 scrolls of magic mapping
Potions
 d - a potion of ambrosia
 e - 2 potions of flight
 h - a potion of lignification
 k - 2 potions of brilliance
 s - 3 potions of curing
 B - 3 potions of resistance
 F - a potion of magic {unknown}
Comestibles
 f - 26 rations


   Skills:
 - Level 7.2 Fighting
 + Level 10.8 Short Blades
 - Level 6.8 Throwing
 - Level 1.0 Dodging
 - Level 8.5 Stealth
 - Level 4.0 Shields
 + Level 6.2 Invocations
 + Level 5.2 Evocations


You had 10 spell levels left.
You didn't know any spells.
Your spell library contained the following spells:

 Spells                   Type           Power        Failure   Level  Hunger
 Beastly Appendage        Tmut           #.....       26%         1    ##.....
 Throw Flame              Conj/Fire      #.....       38%         2    ###....
 Ice Form                 Ice/Tmut       #.......     95%         4    #####..
 Hydra Form               Tmut           #.........   100%        6    #######
 Ring of Flames           Chrm/Fire      #.........   100%        7    #######


Dungeon Overview and Level Annotations

Branches:
Dungeon (11/15)            Temple (1/1) D:7            Lair (0/6) D:11
    Orc (0/2) D:9

Altars:
Ashenzari
Cheibriados
Dithmenos
Elyvilon
Fedhas
Gozag
Hepliaklqana
Kikubaaqudgha
Makhleb
Nemelex Xobeh
Okawaru
Qazlal
Ru
Sif Muna
Trog
Uskayaw
Vehumet
Wu Jian
Xom
Yredelemnul
Zin
The Shining One

Shops:
D:3 *   D:4 %   D:5 %   D:9 *   D:10 (


Innate Abilities, Weirdness & Mutations

You cannot wear most types of armour.
You are very stealthy in the water. (Stealth+)
You are amphibious.
You can wear up to eight rings at the same time.
You can use your tentacles to constrict eight enemies at once.
Your skin changes colour to match your surroundings (Stealth+).
Your rubbery body absorbs attacks. (AC +1, EV +1)


Message History

You block the thorn hunter's attack. The thorn hunter barely misses you.
Evoke which item? (* to show all) (? for menu, Esc to quit)
Aiming: Polymorph
Press: ? - help, Shift-Dir - straight line, f/p - thorn hunter
Aim: a thorn hunter (moderately damaged, haloed, chance to defeat MR: 5%)
The thorn hunter resists with almost no effort.
The thorn hunter barely misses you. The thorn hunter closely misses you.
Evoke which item? (* to show all) (? for menu, Esc to quit)
Aiming: Polymorph
Press: ? - help, Shift-Dir - straight line, f/p - thorn hunter
Aim: a thorn hunter (moderately damaged, haloed, chance to defeat MR: 5%)
Okay, then.
Unknown command.
The thorn hunter misses you. The thorn hunter barely misses you.
As you read the scroll of teleportation, it crumbles to dust.
You feel strangely unstable. You block the thorn hunter's attack.
The thorn hunter hits you but does no damage.
The thorn hunter fires a volley of thorns at you.
The volley of thorns hits you!
You die...

###..# ##...##PP.#....#####...
.....######..#...PPP...#.........
.)...........#≈.PP>PP.≈#.........
.†...........#...PPP...#.........
.......####....##...#............
.......# ##....#...#.......>....
.......#####..#...≈...#..........
..............f#######...........
................@................
.......[.........................
........[.....#######..######....
..............#######..######....
.................................
.....)...........................
.....#######...............######
.....#######..###########..######
..............###########........


You could see a thorn hunter.

Vanquished Creatures
  A two-headed ogre (D:11)
  An ugly thing (D:11)
  A cyclops (D:11)
  A tengu conjurer (D:10)
  2 trolls
  3 hippogriffs
  4 yaks
  Eustachio (D:5)
  2 wyverns
  A hungry ghost (D:8)
  2 steam dragons
  2 water moccasins
  A wandering mushroom (D:11)
  3 ice beasts
  2 orc warriors
  4 ogres
  3 black bears (D:6)
  3 phantoms
  3 wolves (D:8)
  4 centaurs
  2 big kobolds
  4 bullfrogs
  5 scorpions
  5 wights (D:7)
  3 howler monkeys (D:11)
  5 electric eels (D:10)
  3 crimson imps
  3 bullfrog zombies
  A centaur skeleton (D:7)
  4 orc priests
  3 hounds
  4 orc wizards
  6 iguanas
  2 jellies
  6 worker ants
  A killer bee zombie (D:6)
  3 hound skeletons
  A howler monkey zombie (D:5)
  16 adders
  3 shadow imps
  An ooze (D:3)
  2 adder zombies
  2 adder skeletons
  2 worms
  3 dart slugs (D:2)
  4 leopard geckos
  27 orcs
  9 bats
  7 giant cockroaches
  11 goblins
  6 hobgoblins
  11 jackals
  7 quokkas
  2 frilled lizards
  A giant cockroach zombie (D:6)
  A jackal skeleton (D:4)
  A jackal zombie (D:8)
  14 kobolds
  A leopard gecko skeleton (D:7)
  6 rats
  A spectral orc (D:9)
243 creatures vanquished.

Notes
Turn   | Place    | Note
-------+----------+-------------------------------------------
     0 | D:1      | Ijustatesigmund the Octopode Assassin began the quest for
                  | the Orb.
     0 | D:1      | Reached XP level 1. HP: 14/14 MP: 1/1
   128 | D:1      | Reached XP level 2. HP: 14/19 MP: 2/2
   539 | D:1      | Reached XP level 3. HP: 18/24 MP: 3/3
  1045 | D:2      | Reached skill level 3 in Short Blades
  1166 | D:2      | Found an ancient bone altar of Kikubaaqudgha.
  1167 | D:2      | Found a radiant altar of Vehumet.
  1168 | D:2      | Found a hazy altar of Hepliaklqana.
  1168 | D:2      | Found a sparkling altar of Nemelex Xobeh.
  1241 | D:2      | You fall through a shaft for 2 floors!
  1258 | D:4      | Reached XP level 4. HP: 22/29 MP: 4/4
  1386 | D:3      | Found an opulent altar of Gozag.
  1391 | D:3      | Found Gozag's Platinum Reserve.
  1601 | D:2      | Found a shattered altar of Ashenzari.
  1773 | D:2      | Found an ornate altar of the Wu Jian Council.
  1804 | D:2      | Found a snail-covered altar of Cheibriados.
  2212 | D:3      | Noticed an ice beast
  2232 | D:3      | Killed an ice beast
  2232 | D:3      | Reached skill level 4 in Short Blades
  2232 | D:3      | Reached XP level 5. HP: 36/36 MP: 5/5
  2453 | D:3      | Found a blossoming altar of Fedhas.
  2453 | D:3      | Found a stormy altar of Qazlal.
  2638 | D:4      | Reached XP level 6. HP: 37/43 MP: 6/6
  2823 | D:4      | Found Vinnarph's Food Emporium.
  3239 | D:5      | Entered Level 5 of the Dungeon
  3252 | D:5      | Reached skill level 5 in Short Blades
  3271 | D:5      | Found Liclu's Food Emporium.
  3542 | D:5      | Reached XP level 7. HP: 40/49 MP: 7/7
  3857 | D:5      | Noticed Eustachio
  3872 | D:5      | Killed Eustachio
  3872 | D:5      | Reached skill level 5 in Fighting
  3981 | D:5      | Reached skill level 6 in Short Blades
  4030 | D:5      | Identified the Volume of Shifting Heat
  4204 | D:5      | Reached XP level 8. HP: 20/57 MP: 8/8
  4639 | D:6      | Found a bloodstained altar of Trog.
  4801 | D:6      | Reached skill level 7 in Short Blades
  5389 | D:6      | Found a stormy altar of Qazlal.
  5439 | D:6      | Noticed an air elemental
  5445 | D:6      | Noticed a water elemental
  5622 | D:6      | Reached skill level 5 in Throwing
  5953 | D:7      | Noticed a hippogriff
  5954 | D:7      | Reached XP level 9. HP: 63/63 MP: 9/9
  6762 | D:7      | Reached skill level 1 in Evocations
  6765 | D:7      | Reached skill level 8 in Short Blades
  7342 | D:7      | Found a staircase to the Ecumenical Temple.
  7393 | Temple   | Entered the Ecumenical Temple
  7510 | Temple   | Became a worshipper of the Shining One
  7929 | D:8      | Reached skill level 1 in Shields
  8061 | D:8      | Noticed Grum
  8825 | D:8      | Reached skill level 9 in Short Blades
  8825 | D:8      | Reached XP level 10. HP: 62/71 MP: 11/11
  8826 | D:8      | Noticed Grum
  8826 | D:8      | Grum changed into Grum the wolf
  8843 | D:8      | Killed Grum the wolf
  9078 | D:9      | Found a basalt altar of Yredelemnul.
  9190 | D:9      | Found a staircase to the Orcish Mines.
  9829 | D:9      | Reached skill level 1 in Invocations
 10023 | D:9      | Found Iczuif's Assorted Antiques.
 10026 | D:9      | Bought a twisted brass amulet for 150 gold pieces
 10026 | D:9      | Bought a fuming sapphire potion for 27 gold pieces
 10706 | D:10     | Entered Level 10 of the Dungeon
 10745 | D:10     | Reached * piety under the Shining One
 10879 | D:10     | Found Ojein's Antique Weapon Shoppe.
 11492 | D:10     | Bought a glowing short sword for 144 gold pieces
 12235 | D:10     | Reached skill level 10 in Short Blades
 12564 | D:11     | Noticed a two-headed ogre
 12584 | D:11     | Killed a two-headed ogre
 12584 | D:11     | Reached skill level 5 in Invocations
 12584 | D:11     | Reached XP level 11. HP: 29/75 MP: 14/14
 12962 | D:11     | Noticed a cyclops
 12979 | D:11     | Killed a cyclops
 13246 | D:11     | Noticed a white ugly thing
 13255 | D:11     | Found a staircase to the Lair.
 13256 | D:11     | Noticed an oklob plant
 13261 | D:11     | Noticed an oklob plant
 14663 | D:11     | an oklob plant changed into a wandering mushroom
 14689 | D:11     | Reached skill level 5 in Evocations
 14733 | D:11     | HP: 1/75 [red ugly thing (9)]
 14734 | D:11     | Killed a red ugly thing
 15140 | D:11     | Noticed a thorn hunter
 15140 | D:11     | an oklob plant changed into a thorn hunter
 15154 | D:11     | Killed from afar by a thorn hunter

Vault maps used:
D:1:      lemuel_arrival_broad_hall, kennysheep_decorative_pillar
D:2:      ashenzari_conservatory_becter, old_standard_altar,
          chequers_temple_overflow_statue_of_worship, first_ration,
          kennysheep_slug_shrine
D:3:      grunt_temple_overflow_forces_of_nature,
          nicolae_gozag_zags_fifth_avenue
D:4:      serial_shops, nicolae_shop_temple_entry_statues_fountains
D:5:      cheibrodos_fzero, serial_shops, kennysheep_little_box, uniq_eustachio
D:6:      trog_ov_bears_minmay, nicolae_qazlal_style_of_elements
D:7:      minmay_temple_entry_trees, kennysheep_generic_room_13
D:8:      kennysheep_generic_room_10, uniq_grum
D:9:      yredelemnul_forgotten_temple_becter, minmay_orc_entry_guard_dogs,
          serial_shops, nicolae_shop_behind_doors
D:10:     serial_shops, nicolae_shop_waterfront, grunt_tengu_nest
D:11:     dpeg_oklobed_lair
Temple:   jpeg_temple_clearing

Skill      XL: |  1  2  3  4  5  6  7  8  9 10 11 |
---------------+----------------------------------+-----
Stealth        | 6 8 |  8.5
Short Blades   | 3 4 5 6 7 9 10 | 10.8
Fighting       | 3 4 5 6 7 |  7.2
Throwing       | 6 |  6.8
Evocations     | 1 3 5 |  5.2
Shields        | 3 4 |  4.0
Invocations    | 5 6 |  6.2
Dodging        | |  1.0

Action                   |  1- 3 |  4- 6 |  7- 9 | 10-12 || total
-------------------------+-------+-------+-------+-------++-------
Melee: Dagger            |    59 |   104 |   271 |   192 ||   626
       Constrict         |    11 |    17 |    47 |    46 ||   121
       Tentacles         |     5 |    16 |    68 |   114 ||   203
       Short sword       |       |       |       |   237 ||   237
 Fire: Blowgun           |       |     6 |    26 |    12 ||    44
Throw: Throwing net      |       |       |     1 |     1 ||     2
Evoke: Wand              |       |     1 |    34 |    51 ||    86
  Use: Scroll            |     3 |     4 |    12 |     8 ||    27
       Potion            |       |     4 |       |     9 ||    13
 Stab: Sleeping          |    17 |    20 |     9 |       ||    46
       Paralysed         |       |       |     2 |       ||     2
       Distracted        |       |       |     1 |       ||     1
  Eat: Ration            |       |     2 |     1 |     1 ||     4
       Chunk             |       |     6 |    23 |    25 ||    54
Armor: Skin              |     1 |    13 |     9 |     8 ||    31
Dodge: Dodged            |    23 |    38 |   121 |    93 ||   275
Block: Buckler           |       |       |    12 |    74 ||    86

Table legend:
 A = Non-vault XP
 B = Vault XP
 C = Vault XP percentage of total XP
 D = Non-vault monster count
 E = Vault monster count
 F = Vault count percentage of total count
                 A         B        C        D         E       F
            +---------+---------+-------+---------+---------+-------
      Total |   10921 |    1546 |  12.4 |     220 |      23 |   9.5
            +---------+---------+-------+---------+---------+-------
        D:1 |      43 |       0 |   0.0 |      26 |       0 |   0.0
        D:2 |      70 |       4 |   5.4 |      21 |       1 |   4.5
        D:3 |     179 |       0 |   0.0 |      19 |       0 |   0.0
        D:4 |      95 |       0 |   0.0 |      10 |       0 |   0.0
        D:5 |     363 |     481 |  57.0 |      13 |      12 |  48.0
        D:6 |     845 |     252 |  23.0 |      17 |       2 |  10.5
        D:7 |    1569 |      15 |   0.9 |      28 |       2 |   6.7
        D:8 |     659 |     350 |  34.7 |      12 |       3 |  20.0
        D:9 |    1107 |       1 |   0.1 |      17 |       1 |   5.6
       D:10 |    2199 |     312 |  12.4 |      33 |       1 |   2.9
       D:11 |    3792 |     131 |   3.3 |      24 |       1 |   4.0
            +---------+---------+-------+---------+---------+-------
